 Dungeon Crawl Stone Soup version 0.30.0-5-g1a98f26d00 (webtiles) character file.

Game seed: 7933744642881033232

2223 jasper the Geomancer (level 8, -3/58 HPs)
             Began as a Demigod Earth Elementalist on May 9, 2023.
             Slain by Pikel
             ... wielding a +2 whip of electrocution
              (6 damage)
             ... on level 7 of the Dungeon.
             The game lasted 00:09:32 (6592 turns).

jasper the Geomancer (Demigod Earth Elementalist)   Turns: 6592, Time: 00:09:33

Health: -3/58      AC:  9    Str:  9    XL:     8   Next: 90%
Magic:  0/14       EV: 11    Int: 25    God:
Gold:   9          SH:  0    Dex: 14    Spells: 5/11 levels left

rFire   . . .        H - +2 glaive (flame)
rCold   . . .        (shield currently unavailable)
rNeg    . . .        y - +3 leather armour {Will+}
rPois   .            (no helmet)
rElec   .            u - +2 cloak
rCorr   .            (no gloves)
SInv    .            (no boots)
Will    +....        (no amulet)
Stlth   ++           C - +4 ring of slaying
HPRegen 0.29/turn    D - ring of wizardry
MPRegen 0.14/turn

%: wizardry (x1)
@: no status effects
A: high MP 1, forlorn, divine attributes
a: no special abilities


You were on level 7 of the Dungeon.
You visited 1 branch of the dungeon, and saw 8 of its levels.

You collected 420 gold pieces.
You spent 411 gold pieces at shops.

Inventory:

Hand Weapons
 d - a +0 dagger
 h - a +0 spear
 k - a +0 halberd
 H - a +2 glaive of flaming (weapon)
Missiles
 f - 50 stones
 s - 6 boomerangs
 w - 15 poisoned darts
 A - a throwing net
Armour
 a - a +0 robe
 u - a +2 cloak (worn)
 y - a +3 leather armour of willpower (worn)
 G - +0 steam dragon scales
Jewellery
 C - a +4 ring of slaying (left hand)
 D - a ring of wizardry (right hand)
 J - a ring of fire
Wands
 E - a wand of mindburst (33)
 L - a wand of iceblast (11)
Scrolls
 e - a scroll of blinking {unknown}
 g - 2 scrolls of fog {unknown}
 j - 3 scrolls of teleportation {unknown}
 o - 3 scrolls of amnesia {unknown}
 q - 2 scrolls of enchant armour {unknown}
 t - a scroll of noise {unknown}
 v - 3 scrolls of poison
 x - 3 scrolls of magic mapping {unknown}
 B - 2 scrolls of brand weapon {unknown}
 K - a scroll of enchant weapon {unknown}
 N - a scroll of torment {unknown}
Potions
 b - 2 potions of magic
 c - a potion of ambrosia
 i - 2 potions of might
 l - 6 potions of curing
 m - a potion of degeneration
 n - 2 potions of flight
 p - a potion of attraction
 r - a potion of heal wounds
 z - 3 potions of mutation {unknown}
 F - a potion of invisibility
 I - a potion of lignification {unknown}


   Skills:
 * Level 0.8 Fighting
 + Level 1.9 Dodging
 - Level 1.7 Stealth
 - Level 2.0 Spellcasting
 - Level 8.0 Conjurations
 - Level 0.8 Transmutations
 - Level 8.0 Earth Magic
 + Level 0.4 Evocations


You had 5 spell levels left.
You knew the following spells:

 Your Spells              Type           Power      Damage    Failure   Level
a - Sandblast             Erth           84%        2d18      1%          1
b - Passwall              Tmut/Erth      20%        N/A       1%          2
c - Stone Arrow           Conj/Erth      84%        3d12      1%          3

Your spell library contained the following spells:

 Spells                   Type           Power      Damage    Failure   Level
 Magic Dart               Conj           100%       1d8       1%          1
 Hailstorm                Conj/Ice       22%        3d7       3%          3
 Freeze                   Ice            8%         1d3       6%          1
 Cigotuvi's Dreadful Rot  Necr/Pois/Air  4%         N/A       10%         2
 Petrify                  Tmut/Erth      24%        N/A       11%         4
 Ignite Poison            Fire/Tmut/Pois 3%         N/A       16%         3
 Frozen Ramparts          Ice            4%         1d1       19%         3
 Cause Fear               Hex            1%         N/A       50%         4
 Freezing Cloud           Conj/Ice/Air   7%         6-21      50%         5
 Dragon Form              Tmut           3%         N/A       100%        7
 Dragon's Call            Summ           1%         N/A       100%        9


Dungeon Overview and Level Annotations

Branches:
Dungeon (8/15)             Temple (0/1) D:7
   Lair: D:8-11

Shops:
D:7 !(*![

Annotations:
D:2 Terence
D:7 Pikel


Innate Abilities, Weirdness & Mutations

You have an increased reservoir of magic. (+10% MP)
You shall have no god before yourself.
Your divine heritage dramatically boosts your attributes as you level up.


Message History

Pikel hits you with a +2 whip of electrocution.
You are electrocuted!
* * * LOW HITPOINT WARNING * * *
You take 14 damage, and have 16/58 hp.
MASSIVE DAMAGE!!
You now have 2/14 mp.
Casting: Sandblast (safe; 1% risk of failure)
Confirm with . or Enter, or press ? or * to list all spells.
Aiming: Sandblast (safe; 1% risk of failure)
Press: ? - help, Shift-Dir - straight line, f/p - Pikel
Aim: Pikel, wielding a +2 whip of electrocution and wearing a +0 robe (almost dead, 81% to hit)
The blast of sand hits Pikel.
Pikel is almost dead.
Pikel hits you with a +2 whip of electrocution.
* * * LOW HITPOINT WARNING * * *
Pikel closely misses you.
You take 3 damage, and have 13/58 hp.
Casting: Sandblast (safe; 1% risk of failure)
Confirm with . or Enter, or press ? or * to list all spells.
Aiming: Sandblast (safe; 1% risk of failure)
Press: ? - help, Shift-Dir - straight line, f/p - Pikel
Aim: Pikel, wielding a +2 whip of electrocution and wearing a +0 robe (almost dead, 81% to hit)
The blast of sand hits Pikel but does no damage.
Pikel is almost dead.
Pikel hits you with a +2 whip of electrocution.
* * * LOW HITPOINT WARNING * * *
You take 3 damage, and have 10/58 hp.
You now have 1/14 mp.
Casting: Sandblast (safe; 1% risk of failure)
Confirm with . or Enter, or press ? or * to list all spells.
Aiming: Sandblast (safe; 1% risk of failure)
Press: ? - help, Shift-Dir - straight line, f/p - Pikel
Aim: Pikel, wielding a +2 whip of electrocution and wearing a +0 robe (almost dead, 81% to hit)
The blast of sand misses Pikel.
Pikel hits you with a +2 whip of electrocution.
* * * LOW HITPOINT WARNING * * *
Pikel hits you with a +2 whip of electrocution.
* * * LOW HITPOINT WARNING * * *
You take 8 damage, and have 2/58 hp.
You now have 0/14 mp.
You completely miss Pikel.
Pikel is almost dead.
Pikel hits you with a +2 whip of electrocution.
You die...

###
##.###################
##........§☼§..☼..☼.§.##
#.........○☼°.)§@○..§§°#
##...###..§..§)☼K.###.☼#
#........☼.§##.∩○# #..#
#..#####.##.###.°###..#
#..# ##.##.###.°#....#
##..####...#bb.○.§#.#.##
.♣......>....##..§°.#.#
.....###...#.##.....#.##
♣∩♣..# ##.##.##..b.....#


You could see Pikel.

Vanquished Creatures
  Maggie (D:7)
  Grinder (D:5)
  Eustachio (D:4)
  A water moccasin (D:7)
  3 black bears
  A phantom (D:5)
  A kobold brigand (D:7)
  A scorpion (D:5)
  2 gnoll sergeants
  2 bullfrogs (D:7)
  2 howler monkeys (D:5)
  A jelly (D:6)
  A hound (D:6)
  2 iguanas
  10 orc wizards
  A sleepcap (D:5)
  A hound skeleton (D:4)
  9 adders
  11 gnolls
  A white imp (D:5)
  An adder zombie (D:4)
  A worm (D:3)
  3 dart slugs
  14 orcs
  10 endoplasms
  2 giant cockroaches
  7 goblins
  6 hobgoblins
  4 jackals (D:4)
  2 quokkas
  7 ball pythons
  6 bats
  4 frilled lizards
  8 kobolds
  A rat (D:2)
  A spectral orc (D:6)
130 creatures vanquished.

Notes
Turn   | Place    | Note
-------+----------+-------------------------------------------
     0 | D:1      | jasper the Demigod Earth Elementalist began the quest for
                  | the Orb.
     0 | D:1      | Reached XP level 1. HP: 14/14 MP: 5/5
   189 | D:1      | Reached XP level 2. HP: 20/20 MP: 0/7
   271 | D:1      | Learned a level 2 spell: Passwall
  1073 | D:2      | Reached XP level 3. HP: 26/26 MP: 6/8
  1099 | D:2      | Learned a level 3 spell: Stone Arrow
  1456 | D:2      | Reached XP level 4. HP: 19/33 MP: 4/9
  1558 | D:2      | Noticed Terence
  1980 | D:3      | Reached skill level 5 in Earth Magic
  2670 | D:4      | Noticed Eustachio
  2687 | D:4      | Killed Eustachio
  2688 | D:4      | Reached XP level 5. HP: 13/38 MP: 1/10
  3357 | D:5      | Entered Level 5 of the Dungeon
  3375 | D:5      | Reached XP level 6. HP: 45/45 MP: 9/11
  3683 | D:5      | Reached XP level 7. HP: 49/50 MP: 9/13
  3756 | D:5      | Noticed Grinder
  3761 | D:5      | Killed Grinder
  4459 | D:6      | Reached skill level 5 in Conjurations
  4459 | D:6      | Reached XP level 8. HP: 57/57 MP: 11/14
  5255 | D:6      | Got Vehumet's Guidebook on Fulmination
  5568 | D:7      | Noticed Maggie
  5585 | D:7      | Killed Maggie
  5984 | D:7      | Found Siutaij's Distillery.
  5993 | D:7      | Bought 2 potions of curing for 78 gold pieces
  5993 | D:7      | Bought a potion of heal wounds for 65 gold pieces
  5993 | D:7      | Bought a potion of magic for 104 gold pieces
  5993 | D:7      | Bought a potion of curing for 39 gold pieces
  5993 | D:7      | Bought a potion of heal wounds for 65 gold pieces
  6040 | D:7      | Found a staircase to the Ecumenical Temple.
  6102 | D:7      | Found Wunloug's Armour Boutique.
  6207 | D:7      | Found Ugonytaa's Weapon Shoppe.
  6415 | D:7      | Found Jocvinay's General Store.
  6419 | D:7      | Bought a scroll of butterflies for 60 gold pieces
  6453 | D:7      | Found Didalut's Distillery.
  6563 | D:8      | Noticed Pikel
  6591 | D:7      | HP: 2/58 [Pikel/+2 whip of electrocution (3)]
  6592 | D:7      | Slain by Pikel

Illustrated notes

Levels and vault maps discovered:
D:1:      amcnicky_arrival_underground_garden, layout_loops_ring
D:2:      layout_basic, basic_altar, uniq_terence
D:3:      layout_basic, bloody_makhleb
D:4:      layout_cave_pools, grunt_temple_overflow_open,
          gammafunk_temple_overflow_statue, serial_undead, serial_undead_b,
          serial_undead_f, serial_undead_b, serial_undead_f, wad_orctagon,
          uniq_eustachio
D:5:      layout_gridville, uniq_grinder
D:6:      layout_basic, palyth_temple_overflow_mages,
          yredelemnul_forgotten_temple_becter
D:7:      layout_loops_ring, minmay_temple_entry_offerings, serial_shops, shop,
          shop, shop, nicolae_shop_trees, shop, uniq_maggie
D:8:      layout_rooms, uniq_pikel

Skill      XL: |  1  2  3  4  5  6  7  8 |
---------------+-------------------------+-----
Spellcasting   | 2 |  2.0
Earth Magic    | 3 4 6 7 8 |  8.0
Conjurations   | 5 8 |  8.0
Fighting       | |  0.8
Dodging        | |  1.9
Stealth        | |  1.7
Transmutations | |  0.8
Evocations     | |  0.4

Action                     |  1- 3 |  4- 6 |  7- 9 || total
---------------------------+-------+-------+-------++-------
  Melee: Dagger            |     1 |       |       ||     1
         Halberd           |       |     1 |    12 ||    13
         Glaive            |       |       |     1 ||     1
   Cast: Sandblast         |    57 |    78 |    90 ||   225
         Stone Arrow       |       |       |     2 ||     2
  Evoke: Wand              |       |       |     2 ||     2
    Use: Scroll            |     3 |     2 |     4 ||     9
         Potion            |       |       |     2 ||     2
 Armour: Robe              |     3 |     5 |       ||     8
         Leather armour    |       |     4 |    16 ||    20
  Dodge: Dodged            |     5 |    32 |    14 ||    51
